 Dungeon Crawl Stone Soup version 0.31-a0-360-gb3e1d13bf4 (webtiles) character file.

Game seed: 16835045522203031701

629 Maratek the Magician (level 7, -1/47 HPs)
             Began as a Djinni Fire Elementalist on July 26, 2023.
             Was an Initiate of Hepliaklqana.
             Slain by a wight
             ... wielding a +4 flail
              (8 damage)
             ... on level 8 of the Dungeon.
             The game lasted 00:20:43 (5575 turns).

Maratek the Magician (Djinni Fire Elementalist)     Turns: 5575, Time: 00:20:44

Health: -1/47      AC:  4    Str: 13    XL:     7   Next: 77%
Gold:   301        EV: 13    Int: 18    God:    Hepliaklqana [......] SH:  0 Dex: 14

rFire   + + .        o - +4 falchion
rCold   x . .        (no shield)
rNeg    . . .        a - +0 robe
rPois   ∞            (no helmet)
rElec   .            m - +0 cloak {Stlth+}
rCorr   .            e - +0 pair of gloves
SInv    .            (boots unavailable)
Will    .....        (no amulet)
Stlth   +++          h - +6 ring of strength
HPRegen 0.27/turn    (no ring)
MPRegen 0.00/turn

%: infuse magic (-2 HP)
@: flying
A: sickness immunity, fire resistance 2, cold vulnerability 1, float, innate
caster, HP casting, extra vitality 1
a: Renounce Religion


You were on level 8 of the Dungeon.
You worshipped Hepliaklqana.
Hepliaklqana was noncommittal.
You visited 2 branches of the dungeon, and saw 9 of its levels.

You collected 301 gold pieces.

Inventory:

Hand Weapons
 o - a +4 falchion (weapon)
Armour
 a - a +0 robe (worn)
 e - a +0 pair of gloves (worn)
 m - a +0 cloak of stealth (worn)
Jewellery
 h - a +6 ring of strength (left hand)
Scrolls
 d - 6 scrolls of identify {unknown}
 i - 4 scrolls of teleportation {unknown}
 k - a scroll of immolation {unknown}
 l - a scroll of brand weapon {unknown}
 q - a scroll of summoning {unknown}
 r - a scroll of amnesia {unknown}
 s - 4 scrolls of blinking {unknown}
Potions
 b - 2 potions of might {unknown}
 c - 2 potions of lignification {unknown}
 f - a potion of resistance {unknown}
 g - 3 potions of curing {unknown}
 j - 2 potions of heal wounds {unknown}
 n - a potion of invisibility {unknown}
 p - 2 potions of haste {unknown}
 t - a potion of brilliance {unknown}
 u - a potion of enlightenment {unknown}
 v - a potion of attraction {unknown}


   Skills:
 + Level 1.5 Fighting
 * Level 3.8 Long Blades
 + Level 3.6 Dodging
 + Level 3.5 Stealth
 - Level 0.1 Unarmed Combat
 * Level 4.2 Spellcasting
 * Level 4.2 Conjurations
 * Level 4.2 Hexes
 * Level 4.2 Summonings
 * Level 4.2 Necromancy
 * Level 4.2 Translocations
 * Level 4.2 Transmutations
 * Level 4.2 Fire Magic
 * Level 4.2 Ice Magic
 * Level 4.2 Air Magic
 * Level 4.2 Earth Magic
 * Level 4.2 Poison Magic


You knew the following spells:

 Your Spells              Type           Power      Damage    Failure   Level
a - Foxfire               Conj/Fire      76%        2x1d7     2%          1
b - Scorch                Fire           38%        2d6       3%          2
c - Volatile Blastmotes   Fire/Tloc      38%        2d13      8%          3
d - Inner Flame           Hex/Fire       19%        N/A       8%          3
e - Flame Wave            Conj/Fire      19%        2d7       24%         4
f - Freeze                Ice            76%        1d8       2%          1
g - Blink                 Tloc           38%        N/A       3%          2
h - Frozen Ramparts       Ice            38%        1d6       8%          3
Your spell library was empty.

Dungeon Overview and Level Annotations

Branches:
Dungeon (8/15)             Temple (1/1) D:4
   Lair: D:8-11

Altars:
Ashenzari
Cheibriados
Dithmenos
Elyvilon
Fedhas
Gozag
Hepliaklqana
Makhleb
Nemelex Xobeh
Okawaru
Qazlal
Ru
Trog
Uskayaw
Wu Jian
Xom
Yredelemnul
Zin
The Shining One

Shops:
D:3 [

Annotations:
D:7 Pikel


Innate Abilities, Weirdness & Mutations

You are immune to sickness and miasma.
You are immune to poison.
Your flesh is very heat resistant. (rF++)
You are vulnerable to cold. (rC-)
You float through the air rather than walking.
You learn spells naturally, not from books.
Your magical power is your life essence.
You have superior vitality. (+4 MHP)


Message History

Things that are here:
a +0 dagger; an orc corpse An orc comes into view.
It is wielding a +0 dagger.
Casting: Scorch (safe; 3% risk of failure)
Press: ? - help, Q - select action, (/) - cycle Dir - look around, f - activate Flames lash the orc.
You kill the orc!
Things that are here:
a +0 dagger; an orc corpse
Found a stone staircase leading down.
Found a golden potion.
v - a golden potion A wight comes into view.
It is wielding a +4 flail.
Found a dagger.
A wight comes into view. It is wielding a +2 dagger.
The wight closely misses you.
You hit the wight.
The wight is moderately damaged.
The wight hits you with a +4 flail!
Casting: Scorch (safe; 3% risk of failure)
Press: ? - help, Q - select action, (/) - cycle Dir - look around, f - activate Flames lash the wight.
The wight is almost destroyed.
The wight's fire resistance burns away.
The wight hits you with a +4 flail!
A wight comes into view. It is wielding a +3 mace.
The wight attacks as you move away! The wight misses you.
The wight is no longer more vulnerable to fire.
The wight hits you with a +4 flail. The wight attacks as you move away!
The wight barely misses you.
Things that are here:
a +0 dagger; an orc corpse The wight attacks as you move away!
The wight hits you with a +4 flail. The wight attacks as you move away!
The wight hits you with a +4 flail. The wight attacks as you move away!
The wight hits you with a +4 flail!
* * * LOW HITPOINT WARNING * * *
You hit the wight.
The wight is almost destroyed.
The wight hits you with a +4 flail!
You die...

### #<# #)#
#.#######
#.......# .##
##.####.# .. #@#
#. #z#
####.###.#
#.....##z##..
#....#)##.# .
###.#.#..#.##.#
..
..........z##.#
..
###.#.#.##.##.##
.# #
#.##.....#..###


You could see 3 wights.

Vanquished Creatures
  An ice beast (D:5)
  A centaur (D:5)
  3 phantoms
  A howler monkey (D:5)
  An orc priest (D:3)
  2 hounds
  3 adders
  An ufetubus (D:5)
  3 worms
  2 dart slugs (D:1)
  5 orcs
  7 endoplasms
  4 giant cockroaches
  4 goblins
  2 hobgoblins
  2 jackals (D:4)
  A quokka (D:4)
  7 ball pythons
  4 bats
  4 frilled lizards
  11 kobolds
  6 rats
75 creatures vanquished.

Vanquished Creatures (others)
  A rat (D:1)
  44 foxfires (D:1)
45 creatures vanquished.

Grand Total: 120 creatures vanquished

Notes
Turn   | Place    | Note
-------+----------+-------------------------------------------
     0 | D:1      | Maratek the Djinni Fire Elementalist began the quest for
                  | the Orb.
     0 | D:1      | Maratek set off with the following spells memorised:
                  | Foxfire, Scorch, Volatile Blastmotes, Inner Flame, Flame
                  | Wave.
     0 | D:1      | Reached XP level 1. HP: 15/15 MP: 0/0
   143 | D:1      | Reached XP level 2. HP: 11/21 MP: 0/0
   609 | D:1      | Reached XP level 3. HP: 25/25 MP: 0/0
   609 | D:1      | Learned a level 1 spell: Freeze
  1818 | D:2      | Reached XP level 4. HP: 28/31 MP: 0/0
  2515 | D:3      | Found Odwiss's Armour Shop.
  2576 | D:3      | Reached XP level 5. HP: 8/36 MP: 0/0
  2576 | D:3      | Learned a level 2 spell: Blink
  2706 | D:3      | Found a faded altar of an unknown god.
  3133 | D:4      | Found a bloodstained altar of Trog.
  3347 | D:4      | Found a staircase to the Ecumenical Temple.
  3509 | D:5      | Entered Level 5 of the Dungeon
  3573 | D:5      | Reached skill level 1 in Long Blades
  3608 | D:5      | Reached XP level 6. HP: 35/41 MP: 0/0
  3947 | D:5      | Reached skill level 1 in Fighting
  3947 | D:5      | Reached XP level 7. HP: 28/47 MP: 0/0
  3947 | D:5      | Learned a level 3 spell: Frozen Ramparts
  5018 | Temple   | Entered the Ecumenical Temple
  5052 | Temple   | Became a worshipper of Hepliaklqana the Forgotten
  5326 | D:7      | Noticed Pikel
  5575 | D:8      | Slain by a wight

Illustrated notes

Levels and vault maps discovered:
D:1:      lightli_arrival_chessboard, layout_basic, grunt_decor_cap
D:2:      layout_basic, grunt_ministairs_15, glass_columns_c
D:3:      layout_basic, serial_shops, shop, ebering_ecumenical_altar_hall
D:4:      layout_rooms, grunt_temple_overflow_open,
          minmay_temple_entry_from_below_a
D:5:      minmay_polygon_palace, layout_layer_cave, minmay_misc_feat_alley,
          serial_bayou_crossing
D:6:      layout_cave_pools, gammafunk_ghost_smash, cheibrodos_sewer_entry_bend,
          hangedman_decor_diamond_cutter
D:7:      layout_cave_pods, enter_bailey_5, nicolae_wand_duel,
          uniq_crazy_yiuf_cottage, uniq_pikel, uniq_duvessa
D:8:      layout_basic, grunt_decor_fettered, hex_intersection
Temple:   nicolae_temple_bog_church

Skill      XL: |  1  2  3  4  5  6  7 |
---------------+----------------------+-----
Spellcasting   | 4 |  4.2
Conjurations   | 4 |  4.2
Hexes          | 4 |  4.2
Summonings     | 4 |  4.2
Necromancy     | 4 |  4.2
Translocations | 4 |  4.2
Transmutations | 4 |  4.2
Fire Magic     | 4 |  4.2
Ice Magic      | 4 |  4.2
Air Magic      | 4 |  4.2
Earth Magic    | 4 |  4.2
Poison Magic   | 4 |  4.2
Stealth        | 2 3 |  3.5
Dodging        | 3 |  3.6
Long Blades    | 1 2 3 |  3.8
Fighting       | 1 |  1.5
Unarmed Combat | |  0.1

Action                     |  1- 3 |  4- 6 |  7- 9 || total
---------------------------+-------+-------+-------++-------
  Melee: Unarmed           |     5 |       |       ||     5
         Falchion          |       |    32 |    11 ||    43
         Punch             |       |     1 |       ||     1
   Cast: Foxfire           |    28 |       |       ||    28
         Scorch            |    27 |    30 |    26 ||    83
         Volatile Blastmot |     1 |       |       ||     1
 Armour: Robe              |    14 |     7 |     7 ||    28
  Dodge: Dodged            |    23 |    30 |    31 ||    84

Table legend: (Time is in decaauts)
 A = Elapsed time spent in this place.
 B = Non-inter-level travel time spent in this place.
 C = Inter-level travel time spent in this place.
 D = Time resting spent in this place.
 E = Time spent auto-exploring this place.
 F = Levels seen in this place.
 G = Mean time per level.
                   A        B        C        D        E       F      G
               +--------+--------+--------+--------+--------+-----+--------+
         Total |   5582 |   5499 |     83 |   1573 |   2534 |   9 |  620.2 |
       Dungeon |   5521 |   5438 |     83 |   1573 |   2534 |   8 |  690.1 |
        Temple |     60 |     60 |      0 |      0 |      0 |   1 |   60.0 |
               +--------+--------+--------+--------+--------+-----+--------+

Top non-repeatable levels by time:
     D:5: 1492 daAuts
     D:1: 1239 daAuts
     D:3: 917 daAuts
     D:2: 822 daAuts
     D:4: 569 daAuts
     D:7: 237 daAuts
     D:8: 225 daAuts
  Temple: 60 daAuts
     D:6: 16 daAuts
